 Dungeon Crawl Stone Soup version 0.19.0-19-g8c6edcc (webtiles) character file.

3127 Melicamp the Grappler (level 9, -2/84 HPs)
             Began as a Troll Transmuter on Nov 12, 2016.
             Was a Believer of Cheibriados.
             Killed by divine providence
             ... invoked by an orc priest
              (13 damage)
             ... on level 8 of the Dungeon.
             The game lasted 01:11:14 (7575 turns).

Melicamp the Grappler (Troll Transmuter)            Turns: 7575, Time: 01:11:15

Health: -2/84      AC:  6    Str: 26    XL:     9   Next: 61%
Magic:  9/9        EV: 10    Int: 18    God:    Cheibriados [**....]
Gold:   371        SH:  0    Dex: 19    Spells: 1 memorised, 9 levels left

rFire  . . .     SeeInvis +       - Unarmed
rCold  . . .     Gourm    +     (armour restricted)
rNeg   . . .     Faith    .     (no shield)
rPois  .         Spirit   .     d - +2 hat
rElec  .         Reflect  .     C - +0 cloak
rCorr  .         Harm     .     (gloves unavailable)
MR     .....                    (boots unavailable)
Stlth  ++........               w - amulet of regeneration
                                p - ring of see invisible
                                k - +3 ring of dexterity

@: appendage (expiring), drained, very slow
A: unfitting armour, claws 3, talons 3, fast metabolism 3, gourmand,
regeneration 1, shaggy fur 1, tough skin 2
a: End Transformation, Bend Time, Renounce Religion


You were on level 8 of the Dungeon.
You worshipped Cheibriados.
Cheibriados was pleased with you.
You were not hungry.
You had grown temporary talons.
You visited 2 branches of the dungeon, and saw 9 of its levels.

You collected 371 gold pieces.

Inventory:

Armour
 d - a +2 hat (worn)
 C - a +0 cloak (worn)
Magical Staves
 r - an uncursed staff of power
Jewellery
 k - a +3 ring of dexterity (left claw)
 p - a ring of see invisible (right claw)
 q - an uncursed ring of protection from cold
 u - an uncursed ring of magical power
 w - an amulet of regeneration (around neck)
 x - an uncursed ring of protection from fire
Wands
 E - a wand of acid (12/15)
Scrolls
 e - 3 scrolls of remove curse
 m - 3 scrolls of noise
 D - a scroll of enchant armour
 F - a scroll of magic mapping
Potions
 b - 3 potions of might
 f - a potion of agility
 g - a potion of cure mutation {unknown}
 i - a potion of brilliance {unknown}
 j - 2 potions of cancellation {unknown}
 l - a potion of experience {unknown}
 n - a potion of resistance {unknown}
 o - 2 potions of mutation
 z - 3 potions of curing {unknown}
Books
 a - a book of Necromancy

   Spells                             Type                      Level
   a - Pain                           Necromancy                   1
   b - Animate Skeleton               Necromancy                   1
   c - Vampiric Draining              Necromancy                   3
   d - Regeneration                   Charms/Necromancy            3
   e - Animate Dead                   Necromancy                   4
   f - Control Undead                 Necromancy                   4
 c - a book of Changes

   Spells                             Type                      Level
   a - Beastly Appendage              Transmutation                1
   b - Sticks to Snakes               Transmutation                2
   c - Spider Form                    Transmutation/Poison         3
   d - Ice Form                       Ice/Transmutation            4
   e - Blade Hands                    Transmutation                5
 A - the Tome of the Displaced Entourage
   (You found it on level 7 of the Dungeon)

   Spells                             Type                      Level
   a - Summon Mana Viper              Hexes/Summoning              5
   b - Summon Hydra                   Summoning                    7
   c - Disjunction                    Translocation                8
Comestibles
 h - 2 beef jerkies
 t - 2 meat rations
 v - 3 bread rations
 B - a fruit


   Skills:
 - Level 4.3(3.9) Fighting
 - Level 1.5(1.2) Dodging
 - Level 10.1(9.6) Unarmed Combat
 - Level 1.2(0.9) Spellcasting
 * Level 6.2(5.8) Transmutations


You had 9 spell levels left.
You knew the following spells:

 Your Spells              Type           Power        Failure   Level  Hunger
a - Beastly Appendage     Tmut           ###...       1%          1    ##.....


Dungeon Overview and Level Annotations

Branches:
Dungeon (8/15)             Temple (1/1) D:5
   Lair: D:8-11

Altars:
Ashenzari
Cheibriados
Elyvilon
Fedhas
Gozag
Hepliaklqana
Kikubaaqudgha
Makhleb
Ru
Trog
Uskayaw
Vehumet
Xom
Yredelemnul
Zin
The Shining One


Innate Abilities, Weirdness & Mutations

You are too large for most types of armour.
You have claws for hands.
Your metabolism is lightning-fast.
You like to eat raw meat.
Your natural rate of healing is unusually fast.
You are covered in fur. (AC +1)
You have very tough skin. (AC +2)
You have claws for feet.


Message History

You scratch the orc. Your kick misses the orc. Your claw misses the orc.
The orc is heavily wounded.
You mangle the orc!!
You kill the orc!
Cheibriados appreciates the change of pace.
The orc priest calls down the wrath of Beogh upon you.
You struggle to resist.
You claw the orc priest!
You claw the orc priest, but do no damage.
The orc priest is almost dead.
The orc priest begins to cast a cantrip, but forgets the words!
The orc priest barely misses you.
You closely miss the orc priest. You claw the orc priest.
The orc priest is almost dead.
The orc priest miscasts a cantrip.
You barely miss the orc priest. You claw the orc priest.
The orc priest is lightly wounded.
The orc priest calls down the wrath of Beogh upon you.
Beogh smites you!
You die...

# #.#...# #.
#.#...#.#
#.##.#.#.#.# ##
#........ .# ...
#.......##.#....$
#..........#.....
#..!..Ko.........
#.####o#........
#@#KK....##
#o#KKoo..# #o#.o./..#
........#......#
.......o#......#
........#.....o######
.......(#....(......#
........######......#
........# #.(....#


You could see 3 orc priests, an orc wizard, an orc and a kobold.

Vanquished Creatures
  Menkaure (D:6)
  A mottled dragon (D:7)
  Edmund (D:5)
  3 ice beasts
  A sky beast (D:8)
  5 ogres
  2 phantoms
  A big kobold (D:8)
  13 wights
  A bullfrog zombie (D:5)
  3 crimson imps (D:5)
  A quasit (D:6)
  9 hounds
  Crazy Yiuf (D:6)
  5 orc priests
  2 jellies
  2 iguanas
  3 orc wizards
  A centaur skeleton (D:4)
  5 worker ants
  A hound skeleton (D:4)
  8 gnolls
  3 adders
  2 oozes (D:1)
  A worm (D:4)
  4 dart slugs
  6 leopard geckos
  18 orcs
  10 bats
  4 giant cockroaches
  11 goblins
  8 hobgoblins
  11 jackals
  10 kobolds
  3 quokkas
  4 frilled lizards
  2 quokka zombies
  5 rats
  5 fungi (D:6)
177 creatures vanquished.

Notes
Turn   | Place    | Note
-------+----------+-------------------------------------------
     0 | D:1      | Melicamp the Troll Transmuter began the quest for the Orb.
     0 | D:1      | Reached XP level 1. HP: 18/18 MP: 1/1
    18 | D:1      | Reached skill level 1 in Fighting
   255 | D:1      | Reached XP level 2. HP: 26/27 MP: 2/2
   399 | D:1      | Reached XP level 3. HP: 35/35 MP: 3/3
  1217 | D:2      | Found a blossoming altar of Fedhas.
  1421 | D:2      | Reached skill level 4 in Unarmed Combat
  1460 | D:2      | Found an opulent altar of Gozag.
  1460 | D:2      | Found a burning altar of Makhleb.
  1468 | D:2      | Found a faded altar of an unknown god.
  1471 | D:2      | Found a faded altar of an unknown god.
  1474 | D:2      | Found a hazy altar of Hepliaklqana.
  1703 | D:3      | Reached XP level 4. HP: 42/42 MP: 4/4
  1979 | D:3      | Reached XP level 5. HP: 48/53 MP: 5/5
  2356 | D:3      | Noticed an ogre
  2382 | D:3      | Killed an ogre
  2382 | D:3      | Reached XP level 6. HP: 32/62 MP: 4/6
  3014 | D:4      | Reached skill level 5 in Unarmed Combat
  3421 | D:4      | Reached skill level 6 in Unarmed Combat
  3421 | D:4      | Reached XP level 7. HP: 36/70 MP: 5/7
  3481 | D:4      | Found a glowing golden altar of the Shining One.
  3746 | D:5      | Entered Level 5 of the Dungeon
  3865 | D:5      | Reached skill level 7 in Unarmed Combat
  3879 | D:5      | Found a staircase to the Ecumenical Temple.
  3904 | Temple   | Entered the Ecumenical Temple
  3982 | Temple   | Became a worshipper of Cheibriados the Contemplative
  4050 | D:5      | Noticed Edmund
  4321 | D:6      | Noticed Menkaure
  4430 | D:5      | Killed Edmund
  4497 | D:5      | Reached skill level 8 in Unarmed Combat
  4668 | D:5      | Reached XP level 8. HP: 77/78 MP: 8/8
  4682 | D:5      | Found a radiant altar of Vehumet.
  4838 | D:5      | Reached skill level 9 in Unarmed Combat
  5383 | D:6      | Reached * piety under Cheibriados
  5437 | D:6      | Reached skill level 10 in Unarmed Combat
  5512 | D:6      | Killed Menkaure
  5685 | D:6      | Found a runed door.
  5690 | D:6      | Noticed Crazy Yiuf
  5696 | D:6      | Killed Crazy Yiuf
  5851 | D:6      | Reached XP level 9. HP: 84/84 MP: 7/9
  6668 | D:7      | Identified the Tome of the Displaced Entourage
  6694 | D:7      | Reached ** piety under Cheibriados
  6715 | D:7      | Reached skill level 5 in Transmutations
  7567 | D:8      | HP: 4/84 [orc priest/divine providence (14)]
  7575 | D:8      | Killed from afar by an orc priest

Skill      XL: |  1  2  3  4  5  6  7  8  9 |
---------------+----------------------------+-----
Fighting       | 1 2 3 4 |  4.3
Unarmed Combat | 4 6 8 10 | 10.1
Transmutations | 3 6 |  6.2
Dodging        | |  1.5
Spellcasting   | |  1.2

Action                   |  1- 3 |  4- 6 |  7- 9 || total
-------------------------+-------+-------+-------++-------
Melee: Unarmed           |   126 |   150 |   273 ||   549
       Punch             |     1 |     1 |     9 ||    11
       Kick              |       |    13 |    21 ||    34
       Headbutt          |       |     9 |    10 ||    19
 Cast: Beastly Appendage |       |    11 |    22 ||    33
Invok: Bend Time         |       |       |     1 ||     1
  Use: Scroll            |     7 |     4 |     6 ||    17
 Stab: Sleeping          |     2 |       |       ||     2
  Eat: Chunk             |    20 |    17 |    28 ||    65
Armor: Skin              |    49 |    38 |    57 ||   144
Dodge: Dodged            |    67 |    68 |    87 ||   222
